 Dungeon Crawl Stone Soup version 0.27-a0-1555-g0e7b3fb1d2 (webtiles) character file.

Game seed: 4775913021173015792

1388 night the Destroyer (level 8, -2/57 HPs)
             Began as a Demigod Conjurer on July 14, 2021.
             Slain by an orc warrior (12 damage)
             ... on level 7 of the Dungeon.
             The game lasted 00:12:05 (6501 turns).

night the Destroyer (Demigod Conjurer)              Turns: 6501, Time: 00:12:06

Health: -2/57      AC:  5    Str:  8    XL:     8   Next: 17%
Magic:  6/19       EV: 12    Int: 28    God:
Gold:   264        SH:  0    Dex: 12    Spells: 6/17 levels left

rFire    . . .     SeeInvis .   w - +3 short sword
rCold    . . .     Faith    .   (no shield)
rNeg     . . .     Spirit   .   a - +1 robe
rPois    .         Reflect  .   (no helmet)
rElec    .         Harm     .   y - +0 cloak
rCorr    .         Rampage  .   i - +0 pair of gloves
Will     .....                  (no boots)
Stlth    ++........             (no amulet)
HPRegen  0.19/turn              (no ring)
MPRegen  0.16/turn              (no ring)

@: no status effects
A: high mp 1, forlorn
a: no special abilities


You were on level 7 of the Dungeon.
You visited 1 branch of the dungeon, and saw 7 of its levels.

You collected 264 gold pieces.

Inventory:

Hand Weapons
 w - a +3 short sword (weapon)
Missiles
 h - 135 stones
 j - 15 poisoned darts (quivered)
 k - 14 boomerangs
 l - 55 sling bullets
 m - 28 bolts
 v - 17 arrows
Armour
 a - a +1 robe (worn)
 i - a +0 pair of gloves (worn)
 y - a +0 cloak (worn)
Jewellery
 u - a ring of ice
 x - a ring of poison resistance
Scrolls
 b - a scroll of enchant weapon
 g - 6 scrolls of teleportation
 n - a scroll of fear
 r - a scroll of identify
Potions
 c - a potion of heal wounds {unknown}
 d - 9 potions of curing {unknown}
 e - a potion of experience {unknown}
 f - a potion of might {unknown}
 o - 2 potions of cancellation {unknown}
 p - a potion of mutation {unknown}
 q - 2 potions of berserk rage {unknown}
 s - a potion of degeneration {unknown}
 t - a potion of invisibility


   Skills:
 - Level 1.7 Dodging
 - Level 1.7 Stealth
 - Level 5.4 Spellcasting
 * Level 8.5 Conjurations


You had 6 spell levels left.
You knew the following spells:

 Your Spells              Type           Power      Damage    Failure   Level
a - Magic Dart            Conj           100%       1d8       1%          1
b - Searing Ray           Conj           100%       3d7       1%          2
c - Iskenderun's Mystic   Conj/Tloc      31%        2d8       11%         4
d - Fulminant Prism       Conj/Hex       15%        3d11      11%         4

Your spell library contained the following spells:

 Spells                   Type           Power      Damage    Failure   Level
 Foxfire                  Conj/Fire      100%       2x1d9     1%          1
 Conjure Flame            Conj/Fire      31%        6-21      3%          3
 Dazzling Flash           Conj/Hex       62%        N/A       3%          3
 Corona                   Hex            7%         N/A       6%          1
 Ensorcelled Hibernation  Hex/Ice        14%        N/A       10%         2
 Passwall                 Tmut/Erth      5%         N/A       10%         2
 Inner Flame              Hex/Fire       7%         N/A       19%         3
 Summon Guardian Golem    Hex/Summ       7%         N/A       19%         3
 Tukima's Dance           Hex            7%         N/A       19%         3
 Leda's Liquefaction      Hex/Erth       3%         N/A       54%         4
 Summon Lightning Spire   Summ/Air       7%         N/A       54%         4
 Borgnjor's Vile Clutch   Necr/Erth      3%         N/A       87%         5
 Orb of Destruction       Conj           26%        9d11      86%         7
 Spellforged Servitor     Conj/Summ      15%        N/A       100%        7


Dungeon Overview and Level Annotations

Branches:
Dungeon (7/15)             Temple (0/1) D:4

Shops:
D:5 [

Annotations:
D:6 Prince Ribbit


Innate Abilities, Weirdness & Mutations

Your attributes grow dramatically as you level up.
You have an increased reservoir of magic. (+10% MP)
You shall have no god before yourself.


Message History

You feel a bit more experienced.
Casting: Magic Dart (safe; 1% risk of failure)
Confirm with . or Enter, or press ? or * to list all spells.
Aiming: Searing Ray (safe; 1% risk of failure)
Press: ? - help, Shift-Dir - straight line, f - you
Okay, then.
Casting: Searing Ray (safe; 1% risk of failure)
Confirm with . or Enter, or press ? or * to list all spells.
Aiming: Searing Ray (safe; 1% risk of failure)
Press: ? - help, Shift-Dir - straight line, f - orc warrior
Aim: an orc warrior, wielding a +0 glaive and wearing a +0 plate armour (heavily wounded, 83% to hit)
The searing ray misses the orc warrior. (Press . to maintain the ray.)
The searing ray hits the orc warrior.
The orc warrior is severely wounded.
The searing ray hits the orc warrior.
The orc warrior is almost dead.
An orc comes into view. It is wielding a +1 vampiric hand axe.
The orc warrior completely misses you.
The searing ray misses the orc warrior.
You finish channeling your searing ray.
An orc comes into view. It is wielding a +0 hand axe.
The orc warrior closely misses you. The orc warrior closely misses you.
Casting: Searing Ray (safe; 1% risk of failure)
Confirm with . or Enter, or press ? or * to list all spells.
Aiming: Searing Ray (safe; 1% risk of failure)
Press: ? - help, Shift-Dir - straight line, f/p - orc warrior
Aim: an orc warrior, wielding a +0 glaive and wearing a +0 plate armour (almost dead, 83% to hit)
The searing ray misses the orc warrior.
The searing ray hits the orc!
You kill the orc! (Press . to maintain the ray.)
You hear a shout!
The orc warrior hits you from afar with a +0 glaive!
The searing ray hits the orc warrior.
The orc warrior is almost dead.
The orc warrior hits you from afar with a +0 glaive!!
* * * LOW HITPOINT WARNING * * *
The searing ray misses the orc warrior.
The orc warrior hits you from afar with a +0 glaive!
You die...

# ...
############.)#
.......@.o.)o.#
#######.####.##
.... #.#...
#.###.# # .# .#
.


You could see an orc warrior and an orc.

Vanquished Creatures
  2 water moccasins (D:5)
  An ice beast (D:4)
  A sky beast (D:6)
  2 ogres
  2 centaurs (D:7)
  A howler monkey (D:5)
  A jelly (D:6)
  A gnoll shaman (D:5)
  4 hounds
  An orc priest (D:3)
  Crazy Yiuf (D:6)
  2 centaur skeletons
  2 iguanas
  An orc wizard (D:3)
  A killer bee zombie (D:4)
  A howler monkey zombie (D:4)
  7 gnolls
  7 adders
  A howler monkey skeleton (D:4)
  A white imp (D:5)
  An ufetubus (D:6)
  3 worms
  2 dart slugs
  10 orcs
  2 bats
  9 endoplasms
  A giant cockroach (D:3)
  5 goblins
  3 hobgoblins
  5 quokkas
  6 ball pythons
  5 frilled lizards
  5 kobolds
  3 rats
100 creatures vanquished.

Vanquished Creatures (others)
  A fulminant prism (D:7)
  5 plants (D:4)
6 creatures vanquished.

Grand Total: 106 creatures vanquished

Notes
Turn   | Place    | Note
-------+----------+-------------------------------------------
     0 | D:1      | night the Demigod Conjurer began the quest for the Orb.
     0 | D:1      | Reached XP level 1. HP: 14/14 MP: 5/5
   255 | D:1      | Reached skill level 2 in Spellcasting
   640 | D:1      | Reached XP level 2. HP: 20/20 MP: 4/7
   687 | D:1      | Learned a level 2 spell: Searing Ray
  1124 | D:2      | Reached skill level 4 in Conjurations
  1707 | D:2      | Reached XP level 3. HP: 26/26 MP: 7/9
  2551 | D:3      | Reached XP level 4. HP: 19/33 MP: 4/11
  2880 | D:3      | Got the Grimoire of the Supportive Rocks
  3806 | D:4      | Noticed an ogre
  3823 | D:4      | Killed an ogre
  3824 | D:4      | Reached skill level 5 in Conjurations
  3824 | D:4      | Reached XP level 5. HP: 38/38 MP: 8/13
  3831 | D:4      | Learned a level 4 spell: Iskenderun's Mystic Blast
  3890 | D:4      | Found a staircase to the Ecumenical Temple.
  4147 | D:4      | Reached XP level 6. HP: 45/45 MP: 6/15
  4556 | D:5      | Entered Level 5 of the Dungeon
  4597 | D:5      | Noticed a water moccasin
  4604 | D:5      | Killed a water moccasin
  4605 | D:5      | Reached skill level 6 in Conjurations
  4767 | D:5      | Reached XP level 7. HP: 50/50 MP: 12/17
  4919 | D:5      | Found Gaphal's Antique Armour Shoppe.
  4940 | D:5      | Reached skill level 5 in Spellcasting
  5433 | D:5      | Learned a level 4 spell: Fulminant Prism
  5583 | D:6      | Found a runed translucent door.
  5584 | D:6      | Noticed Crazy Yiuf
  5693 | D:6      | Reached skill level 7 in Conjurations
  5923 | D:6      | Noticed Prince Ribbit
  6054 | D:6      | Reached XP level 8. HP: 49/57 MP: 6/19
  6373 | D:6      | Killed Crazy Yiuf
  6374 | D:6      | Reached skill level 8 in Conjurations
  6501 | D:7      | Slain by an orc warrior

Illustrated notes

Levels and vault maps discovered:
D:1:      amcnicky_arrival_flooded_fountain, layout_loops_ring,
          basic_ecumenical_altar
D:2:      layout_loops_ring
D:3:      layout_loops_cross
D:4:      layout_loops_ring, nicolae_sif_muna_condensation,
          minmay_temple_entry_mini_moons, serial_bayou_pond_b,
          chequers_serial_rivers_room_a
D:5:      layout_gridville, grunt_dithmenos_smoke_and_mirrors,
          minmay_shop_grid_forest
D:6:      layout_basic, nicolae_overflow_hidden_temple,
          mainiacjoe_overflow_brackets, serial_corexii_hall,
          corexii_hall_statues_u, chequers_hall_statues_y, st_stairs_11,
          hangedman_decor_diamond_cutter, uniq_prince_ribbit1,
          uniq_crazy_yiuf_cottage
D:7:      layout_basic, mainiacjoe_overflow_boulevard,
          minmay_guarded_unrand_staff_of_olgreb

Skill      XL: |  1  2  3  4  5  6  7  8 |
---------------+-------------------------+-----
Spellcasting   | 2 3 4 5 |  5.4
Conjurations   | 4 5 6 7 8 |  8.5
Dodging        | |  1.7
Stealth        | |  1.7

Action                   |  1- 3 |  4- 6 |  7- 9 || total
-------------------------+-------+-------+-------++-------
Melee: Unarmed           |    10 |       |       ||    10
       Staff             |     6 |       |       ||     6
       Dagger            |     2 |     2 |     1 ||     5
       Rapier            |       |       |     1 ||     1
Throw: Dart              |       |     6 |       ||     6
 Cast: Magic Dart        |    52 |    71 |    30 ||   153
       Searing Ray       |    10 |    16 |    20 ||    46
       Iskenderun's Myst |       |       |     3 ||     3
       Fulminant Prism   |       |       |     1 ||     1
  Use: Scroll            |     5 |     5 |       ||    10
Armor: Robe              |     6 |     3 |     4 ||    13
Dodge: Dodged            |    34 |     4 |    15 ||    53

Table legend: (Time is in decaauts)
 A = Elapsed time spent in this place.
 B = Non-inter-level travel time spent in this place.
 C = Inter-level travel time spent in this place.
 D = Time resting spent in this place.
 E = Time spent auto-exploring this place.
 F = Levels seen in this place.
 G = Mean time per level.
                   A        B        C        D        E       F      G
               +--------+--------+--------+--------+--------+-----+--------+
         Total |   6503 |   6249 |    254 |    927 |   4644 |   7 |  929.0 |
       Dungeon |   6503 |   6249 |    254 |    927 |   4644 |   7 |  929.0 |
               +--------+--------+--------+--------+--------+-----+--------+

Top non-repeatable levels by time:
     D:1: 1366 daAuts
     D:4: 1152 daAuts
     D:2: 1048 daAuts
     D:6: 994 daAuts
     D:3: 992 daAuts
     D:5: 909 daAuts
     D:7: 39 daAuts
